 Dungeon Crawl Stone Soup version 0.24.1-14-gf8d2b509d9 (webtiles) character file.

Game seed: 15983822537029058135, levelgen mode: deterministic

632229 Peloso the Minotaur Barricade (level 27, -19/272 (273) HPs)
             Began as a Minotaur Fighter on May 18, 2020.
             Was the Champion of Okawaru.
             Killed from afar by a shadow dragon (21 damage)
             ... with a bolt of negative energy
             ... on level 12 of a ziggurat.
             The game lasted 03:56:49 (73615 turns).

Peloso the Minotaur Barricade (Minotaur Fighter)   Turns: 73615, Time: 03:56:49

HP:   -19/272 (273) AC: 36    Str: 35    XL:     27
MP:   20/27         EV: 11    Int:  5    God:    Okawaru [******]
Gold: 8512          SH: 29    Dex: 17    Spells: 27/27 levels left

rFire    + . .     SeeInvis .   a - +9 demon blade (elec)
rCold    + . .     Gourm    .   c - +7 shield of Teiczia {*Drain rN+ MR+ Regen+ Str+4}
rNeg     + . .     Faith    .   P - +6 gold dragon scales
rPois    +         Spirit   .   V - +1 hat {MR+}
rElec    .         Reflect  +   X - scarf {cloud immunity}
rCorr    .         Harm     .   A - +2 pair of gloves {Str+3}
MR       ++++.                  o - +1 pair of boots {run}
Stlth    ..........             T - amulet of Qotagi Beisk {Reflect Dex+3 SH+3}
HPRegen  0.95/turn              G - +6 ring of slaying
MPRegen  0.20/turn              v - +4 ring of slaying

@: weakened, slowed, heavily drained, very slow
A: retaliatory headbutt, horns 2, weak 1
}: 3/15 runes: decaying, silver, gossamer
a: Heroism, Finesse, Renounce Religion


You were on level 12 of a ziggurat.
You worshipped Okawaru.
Okawaru was exalted by your worship.
You were not hungry.

You visited 11 branches of the dungeon, and saw 49 of its levels.
You visited the Abyss 1 time.
You visited 1 ziggurat, and saw 12 of its levels.
You also visited: Ice Cave, Volcano and Wizlab.

You collected 10056 gold pieces.
You spent 1544 gold pieces at shops.

Inventory:

Hand Weapons
 a - a +9 demon blade of electrocution (weapon)
 H - the +7 long sword of the Dove {holy, rPois}
   (Okawaru gifted it to you on level 3 of the Crypt)

   It has been blessed by the Shining One to cause great damage to the undead
   and demons.
   It protects you from poison.
Armour
 c - the +7 shield of Teiczia (worn) {*Drain rN+ MR+ Regen+ Str+4}
   (You took it off Donald on level 1 of the Vaults)

   It affects your strength (+4).
   It protects you from negative energy.
   It affects your resistance to hostile enchantments.
   It increases your rate of regeneration.
   It causes draining when unequipped.
 k - the +8 orange crystal plate armour {Archmagi, Int+3 Clar}
   (You acquired it on level 1 of the Realm of Zot)

   It affects your intelligence (+3).
   It protects you against confusion.
 o - a +1 pair of boots of running (worn)
 z - a +0 hat of see invisible
 A - a +2 pair of gloves of strength (worn)
 P - +6 gold dragon scales (worn)
 V - a +1 hat of magic resistance (worn)
 X - a scarf of cloud immunity (worn)
Jewellery
 d - the amulet "Icurr" {Gourm MR+ MP+9}
   (You found it on level 2 of the Lair of Beasts)

   [amulet of the gourmand]

   It allows you to eat raw meat even when not hungry.
   It affects your resistance to hostile enchantments.
   It affects your magic capacity (+9).
 p - an uncursed ring of positive energy
 v - a +4 ring of slaying (right hand)
 x - a +3 ring of strength
 G - a +6 ring of slaying (left hand)
 I - an uncursed ring of resist corrosion
 J - the ring "Qenypouq" {rElec rPois Int+2 Stlth-}
   (You found it on level 3 of the Crypt)

   [ring of poison resistance]

   It affects your intelligence (+2).
   It insulates you from electricity.
   It protects you from poison.
   It makes you less stealthy.
 K - an uncursed ring of see invisible
 T - the amulet of Qotagi Beisk (around neck) {Reflect Dex+3 SH+3}
   (You took it off an orc wizard on level 9 of the Dungeon)

   [amulet of reflection]

   It shields you and reflects attacks.
   It affects your dexterity (+3).
   It affects your SH (+3).
Wands
 j - a wand of clouds (3)
 y - a wand of digging (4)
 F - a wand of polymorph (10)
Scrolls
 b - 2 scrolls of summoning
 e - 4 scrolls of silence
 l - 6 scrolls of fog
 n - 17 scrolls of teleportation
 q - 22 scrolls of remove curse
 s - 2 scrolls of enchant weapon
 t - 8 scrolls of blinking
 w - 5 scrolls of noise
 B - 2 scrolls of amnesia
 E - 2 scrolls of fear
 L - 7 scrolls of identify
Potions
 g - a potion of ambrosia
 h - 6 potions of berserk rage
 i - 6 potions of might
 r - 14 potions of curing
 D - 7 potions of mutation
 M - 9 potions of agility
 Q - 5 potions of resistance
Miscellaneous
 u - a lamp of fire
 C - 5 boxes of beasts
Comestibles
 f - 99 rations


   Skills:
 O Level 27(23.3) Fighting
 + Level 26.8(23.2) Long Blades
 + Level 1.2(0.0) Throwing
 + Level 22.6(19.2) Armour
 + Level 8.4(5.9) Dodging
 + Level 3.8(1.6) Stealth
 O Level 27(23.3) Shields
 + Level 1.8(0.0) Unarmed Combat
 + Level 0.7(0.0) Spellcasting
 + Level 6.9(4.5) Invocations
 + Level 2.2(0.1) Evocations


You had 27 spell levels left.
You didn't know any spells.
Your spell library contained the following spells:

 Spells                   Type           Power        Failure   Level  Hunger
 Animate Skeleton         Necr           N/A          99%         1    ##.....
 Apportation              Tloc           #.....       99%         1    ##.....
 Beastly Appendage        Tmut           #.....       99%         1    ##.....
 Confusing Touch          Hex            #.....       99%         1    ##.....
 Corona                   Hex            #......      99%         1    ##.....
 Flame Tongue             Conj/Fire      #....        99%         1    ##.....
 Freeze                   Ice            #...         99%         1    ##.....
 Infusion                 Chrm           #...         99%         1    ##.....
 Magic Dart               Conj           #...         99%         1    ##.....
 Pain                     Necr           #...         99%         1    ##.....
 Shock                    Conj/Air       #...         99%         1    ##.....
 Sting                    Conj/Pois      #...         99%         1    ##.....
 Summon Butterflies       Summ           #.......     99%         1    ##.....
 Summon Small Mammal      Summ           #...         99%         1    ##.....
 Blink                    Tloc           N/A          99%         2    ###....
 Corpse Rot               Necr           N/A          99%         2    ###....
 Ensorcelled Hibernation  Hex/Ice        #.....       99%         2    ###....
 Passwall                 Tmut/Erth      #.......     99%         2    ###....
 Poisonous Vapours        Pois/Air       #.....       99%         2    ###....
 Searing Ray              Conj           #.....       99%         2    ###....
 Shroud of Golubria       Chrm/Tloc      #.....       99%         2    ###....
 Song of Slaying          Chrm           #.......     99%         2    ###....
 Sticks to Snakes         Tmut           #.......     99%         2    ###....
 Sublimation of Blood     Necr           #.........   99%         2    ###....
 Swiftness                Chrm/Air       #.......     99%         2    ###....
 Throw Frost              Conj/Ice       #.....       99%         2    ###....
 Confuse                  Hex            #.......     100%        3    ####...
 Dazzling Spray           Conj/Hex       #.....       100%        3    ####...
 Gell's Gravitas          Tloc           #.........   100%        3    ####...
 Ignite Poison            Fire/Tmut/Pois #.......     100%        3    ####...
 Lesser Beckoning         Tloc           #.........   100%        3    ####...
 Mephitic Cloud           Conj/Pois/Air  #.......     100%        3    ####...
 Ozocubu's Armour         Chrm/Ice       #.......     100%        3    ####...
 Recall                   Summ/Tloc      N/A          100%        3    ####...
 Regeneration             Chrm/Necr      #.........   100%        3    ####...
 Spectral Weapon          Hex/Chrm       #.......     100%        3    ####...
 Spider Form              Tmut/Pois      #.........   100%        3    ####...
 Static Discharge         Conj/Air       #.......     100%        3    ####...
 Stone Arrow              Conj/Erth      #.....       100%        3    ####...
 Summon Guardian Golem    Hex/Summ       #.......     100%        3    ####...
 Teleport Other           Tloc           #.......     100%        3    ####...
 Tukima's Dance           Hex            #.......     100%        3    ####...
 Vampiric Draining        Necr           #.........   100%        3    ####...
 Airstrike                Air            #.........   100%        4    #####..
 Animate Dead             Necr           N/A          100%        4    #####..
 Cause Fear               Hex            #.........   100%        4    #####..
 Force Lance              Conj/Tloc      #.......     100%        4    #####..
 Fulminant Prism          Conj/Hex       #.........   100%        4    #####..
 Ice Form                 Ice/Tmut       #.......     100%        4    #####..
 Iskenderun's Mystic Bla  Conj           #.......     100%        4    #####..
 Leda's Liquefaction      Hex/Erth       #.........   100%        4    #####..
 Olgreb's Toxic Radiance  Pois           #.......     100%        4    #####..
 Passage of Golubria      Tloc           N/A          100%        4    #####..
 Petrify                  Tmut/Erth      #.......     100%        4    #####..
 Summon Ice Beast         Ice/Summ       #.......     100%        4    #####..
 Summon Lightning Spire   Summ/Air       #.......     100%        4    #####..
 Throw Icicle             Conj/Ice       #.......     100%        4    #####..
 Agony                    Necr           #.......     100%        5    ######.
 Alistair's Intoxication  Tmut/Pois      #.......     100%        5    ######.
 Aura of Abjuration       Summ           #.........   100%        5    ######.
 Blade Hands              Tmut           #.........   100%        5    ######.
 Bolt of Draining         Conj/Necr      #.........   100%        5    ######.
 Bolt of Magma            Conj/Fire/Erth #.........   100%        5    ######.
 Borgnjor's Vile Clutch   Necr/Erth      #.........   100%        5    ######.
 Dispel Undead            Necr           #.......     100%        5    ######.
 Excruciating Wounds      Chrm/Necr      #.........   100%        5    ######.
 Irradiate                Conj/Tmut      #.........   100%        5    ######.
 Iskenderun's Battlesphe  Conj/Chrm      #.......     100%        5    ######.
 Lee's Rapid Deconstruct  Erth           #.........   100%        5    ######.
 Lightning Bolt           Conj/Air       #.........   100%        5    ######.
 Metabolic Englaciation   Hex/Ice        #.........   100%        5    ######.
 Silence                  Hex/Air        #.........   100%        5    ######.
 Summon Demon             Summ           #.........   100%        5    ######.
 Summon Forest            Summ/Tloc      #.........   100%        5    ######.
 Venom Bolt               Conj/Pois      #.........   100%        5    ######.
 Yara's Violent Unravell  Hex/Tmut       #.........   100%        5    ######.
 Bolt of Cold             Conj/Ice       #.........   100%        6    #######
 Bolt of Fire             Conj/Fire      #.........   100%        6    #######
 Conjure Ball Lightning   Conj/Air       #.........   100%        6    #######
 Darkness                 Hex            #.........   100%        6    #######
 Death Channel            Necr           #.........   100%        6    #######
 Deflect Missiles         Chrm/Air       #.........   100%        6    #######
 Freezing Cloud           Conj/Ice/Air   #.........   100%        6    #######
 Hydra Form               Tmut           #.........   100%        6    #######
 Invisibility             Hex            #.......     100%        6    #######
 Iron Shot                Conj/Erth      #.........   100%        6    #######
 Shadow Creatures         Summ           N/A          100%        6    #######
 Simulacrum               Ice/Necr       #.........   100%        6    #######
 Statue Form              Tmut/Erth      #........    100%        6    #######
 Dragon Form              Tmut           #.........   100%        7    #######
 Orb of Destruction       Conj           #.........   100%        7    #######
 Spellforged Servitor     Conj/Summ      #.........   100%        7    #######
 Summon Hydra             Summ           #.........   100%        7    #######
 Discord                  Hex            #.........   100%        8    #######
 Ignition                 Fire           #.........   100%        8    #######
 Infestation              Necr           #.........   100%        8    #######
 Dragon's Call            Summ           #.........   100%        9    #######
 Shatter                  Erth           #.........   100%        9    #######
 Tornado                  Air            #.........   100%        9    #######


Dungeon Overview and Level Annotations

Branches:
Dungeon (15/15)            Temple (1/1) D:7            Lair (6/6) D:9
  Swamp (4/4) Lair:3       Spider (4/4) Lair:3        Slime (0/5) Lair:5
    Orc (2/2) D:10            Elf (3/3) Orc:2        Vaults (5/5) D:13
  Crypt (3/3) Vaults:2       Tomb (0/3) Crypt:3      Depths (5/5) D:15
    Zot (1/5) Depths:5      IceCv (visited)         Volcano (visited)
 WizLab (visited)

Altars:
Ashenzari
Cheibriados
Dithmenos
Elyvilon
Fedhas
Gozag
Hepliaklqana
Kikubaaqudgha
Makhleb
Nemelex Xobeh
Okawaru
Qazlal
Ru
Sif Muna
Trog
Uskayaw
Vehumet
Wu Jian
Xom
Yredelemnul
Zin
The Shining One
Beogh
Jiyva

Shops:
D:5 }   D:6 %   D:10 (   D:11 [*(*   D:13 [   Orc:1 }   Orc:2 [*:*%   Elf:2 [([
Vaults:2 ?   Vaults:4 !   Depths:2 =}}}   Depths:4 ((*

Portals:
Hell: Depths:1 Depths:2 Depths:3 Depths:4 Depths:5
Abyss: Depths:1 Depths:4
Pandemonium: Depths:3 Depths:5


Innate Abilities, Weirdness & Mutations

You reflexively headbutt those who attack you in melee.
You have a pair of horns on your head.
You are weak. (Str -2)


Message History

* * * LOW HITPOINT WARNING * * *
You feel your power leaking away.
You block the Tzitzimitl's attack. x2; The soul eater misses you.
You furiously retaliate!
You headbutt the soul eater.
Unknown command.
You slash the Tzitzimitl! You headbutt the Tzitzimitl!
The Tzitzimitl is heavily wounded.
You block the shadow dragon's attack. x3
Something hits you but does no damage. The revenant completely misses you.
You furiously retaliate!
You headbutt the revenant.
Unknown command.
You slash the Tzitzimitl! Your headbutt misses the Tzitzimitl.
The Tzitzimitl is severely wounded.
The Tzitzimitl gestures at you. The bolt of negative energy hits you!
You partially resist.
You feel drained.
* * * LOW HITPOINT WARNING * * *
You block the soul eater's attack.
The shadow dragon breathes negative energy at you.
The bolt of negative energy hits you!! You partially resist.
You feel drained.
You die...

....................▓
?...................▓▓
............∩..▓
D}...................▓▓
A.....W..............▓
e....................▓
....................▓▓
.............1{....▓▓
▓............3@...▓▓
▓...........LD[.▓▓
▓.........).▓▓▓
▓▓▓▓▓▓.▓▓▓▓▓▓ ▓▓▓


You could see a shadow dragon, a Tzitzimitl, a revenant and a soul eater.

Vanquished Creatures
  2 ancient liches
  Mara (Elf:3)
  Bai Suzhen (Vaults:5)
  Frederick (Vaults:5)
  Margery (Crypt:1)
  2 curse toes (Zot:1)
  Nikola (Spider:1)
  A profane servitor (Zig:12)
  A pandemonium lord (Zig:5)
  4 golden dragons
  Jory (Vaults:4)
  5 bone dragons
  A Cloud Mage (WizLab)
  2 electric golems (Zot:1)
  Jorgrun (Spider:1)
  8 tentacled monstrosities
  5 liches
  An Ice Fiend (IceCv)
  5 titans (Vaults:5)
  6 deep elf blademasters (Elf:3)
  2 deep elf master archers
  Gastronok (D:9)
  2 quicksilver dragons
  3 death cobs (Zot:1)
  5 acid blobs
  3 tentacled starspawn
  4 sphinxes
  A shadow dragon (shapeshifter) (Vaults:5)
  11 shadow dragons
  4 ancient champions
  6 tengu reavers
  Donald (Vaults:1)
  2 draconian monks
  6 storm dragons
  10 fire giants
  3 iron dragons
  20 vault wardens
  4 azure jellies
  8 deep elf sorcerers
  The ghost of Voischum the Protected, a journeyman GnWn of Kikubaaqudgha (D:14)
  Aizul (Vaults:4)
  6 frost giants
  2 draconian annihilators (Zot:1)
  A warmonger (Zig:5)
  5 ghost moths
  4 draconian scorchers
  2 ghouls (Crypt:1)
  4 deep elf elementalists (Elf:3)
  2 angels (Depths:2)
  9 emperor scorpions
  A reaper (Crypt:2)
  2 curse skulls
  2 draconian shifters
  13 ironheart preservers
  A juggernaut skeleton (Zig:7)
  5 war gargoyles
  17 stone giants
  18 very ugly things
  6 entropy weavers
  6 vampire knights
  3 green draconians
  A juggernaut zombie (Crypt:1)
  2 black draconians
  A black sun (Zig:12)
  8 deep elf demonologists
  3 purple draconians
  A lorocyproca (Zig:5)
  9 deep elf annihilators
  2 yellow draconians (Zot:1)
  11 spark wasps
  2 white draconians
  3 eidola
  3 red draconians
  12 ettins
  3 crystal guardians (Crypt:3)
  7 deep elf death magi
  2 merfolk javelineers (Depths:1)
  20 yaktaur captains
  2 green deaths
  10 jiangshi
  2 death oozes
  2 mummy priests (Zig:10)
  Josephine (D:10)
  9 fire dragons
  2 quicksilver dragon zombies (Crypt:3)
  11 great orbs of eyes
  9 ghost crabs
  4 deep elf high priests
  Harold (D:9)
  12 ice dragons
  6 rakshasas
  35 vault guards
  8 hydras
  7 spriggan air magi
  A catoblepas (Lair:6)
  Erica (D:8)
  21 two-headed ogres
  2 death scarabs (Zig:10)
  38 dancing weapons
  13 alligators
  3 death knights
  10 centaur warriors
  9 deep troll shamans
  10 ogre magi
  A queen ant (Lair:3)
  5 tengu warriors
  13 deep troll earth magi
  5 spriggan berserkers
  10 vampire magi
  2 storm dragon zombies
  A titan zombie (Zig:10)
  3 death yaks (Lair:6)
  2 thrashing horrors (Abyss:2)
  An orc high priest (Elf:1)
  2 soul eaters
  2 sun demons (Abyss:2)
  A shock serpent (WizLab)
  20 hell knights
  2 large abominations
  8 deep elf knights
  A fire crab (shapeshifter) (Elf:2)
  39 skeletal warriors
  3 iron trolls
  3 shadow wraiths
  7 flayed ghosts
  An entropy weaver zombie (Vaults:2)
  A golden dragon zombie (Zig:10)
  An anaconda zombie (Crypt:3)
  A spriggan druid (Swamp:4)
  2 unseen horrors
  3 death drakes
  2 spectral hydras (Swamp:4)
  7 phantasmal warriors
  6 swamp dragons
  29 deep trolls
  5 glowing orange brains
  16 ironbrand convokers
  A golden dragon skeleton (Crypt:2)
  7 lindwurms
  Pikel (D:5)
  10 wizards
  9 harpies (Vaults:3)
  17 necromancers
  28 wolf spiders
  3 anaconda skeletons (Crypt:3)
  14 deep elf archers
  26 ugly things
  A frost giant zombie (D:15)
  23 orb spiders
  2 fire giant zombies
  2 shining eyes
  16 orc knights
  2 worldbinders (Abyss:2)
  4 orc sorcerers
  A salamander (shapeshifter) (D:15)
  2 shadow dragon skeletons
  3 cyclopes
  62 deep elf magi
  4 fire giant skeletons
  3 manticores
  5 toenail golems (Volcano)
  Maurice (D:8)
  3 centaur zombies
  9 moths of wrath (Zot:1)
  2 guardian serpents (Depths:4)
  11 elephants
  10 vault sentinels
  8 black mambas
  An elf zombie (Vaults:5)
  An eye of devastation (Zig:11)
  Psyche (D:8)
  2 smoke demons (Abyss:2)
  A frost giant skeleton (Crypt:3)
  2 torpor snails
  3 apocalypse crabs
  2 gargoyles
  12 spiny frogs
  2 spiny frogs (shapeshifter)
  A shock serpent skeleton (Crypt:1)
  7 freezing wraiths
  A kobold demonologist (D:13)
  A minotaur zombie (Crypt:1)
  5 komodo dragons
  55 yaktaurs
  6 swamp worm zombies (Swamp:4)
  An efreet (D:14)
  A golden dragon simulacrum (IceCv)
  7 rime drakes
  4 anaconda simulacra (IceCv)
  6 ice devils (IceCv)
  2 tengu conjurers
  6 guardian mummies
  A harpy zombie (D:14)
  2 human skeletons
  27 jumping spiders
  7 trolls
  4 ancient zymes (Abyss:2)
  8 demonic crawlers
  A yaktaur skeleton (Vaults:5)
  A meliai (shapeshifter) (Depths:4)
  A queen bee (shapeshifter) (Zig:6)
  A hydra zombie (Swamp:4)
  A jumping spider (shapeshifter) (Depths:3)
  A polar bear (shapeshifter) (D:15)
  18 hornets
  25 blink frogs
  4 tyrant leeches
  61 slime creatures
  Prince Ribbit (D:7)
  2 alligator zombies (Swamp:4)
  7 bog bodies
  2 frost giant simulacra
  10 hippogriffs
  4 spectral swamp dragons (Swamp:4)
  3 fire dragon zombies (Crypt:3)
  A hydra skeleton (Abyss:2)
  2 ettin zombies
  3 hippogriffs (shapeshifter)
  2 dream sheep (Lair:6)
  A deep troll zombie (D:15)
  38 flying skulls
  14 air elementals
  A centaur simulacrum (D:14)
  82 redbacks
  16 tarantellas
  6 ushabtiu
  2 vampires
  10 spriggans
  4 shadows
  5 wyverns
  A wyvern (shapeshifter) (Vaults:5)
  13 wraiths
  4 fire bats (Abyss:2)
  10 water elementals
  3 ynoxinuls
  38 yaks
  A human (D:9)
  5 hungry ghosts
  A fire elemental (Elf:3)
  2 steam dragons
  A dire elephant simulacrum (IceCv)
  3 golden eyes
  A hog (shapeshifter) (D:14)
  2 basilisks
  A death yak simulacrum (IceCv)
  24 vampire mosquitoes
  4 harpy simulacra (IceCv)
  15 swamp worms
  8 insubstantial wisps
  2 iron troll simulacra (IceCv)
  11 wargs
  An acid dragon (shapeshifter) (Vaults:4)
  2 hydra simulacra (IceCv)
  10 water moccasins
  21 soldier ants
  2 swamp drakes
  A tengu zombie (D:15)
  6 ice beasts
  8 porcupines
  12 phantoms
  2 floating eyes
  An ice beast (shapeshifter) (D:15)
  6 sky beasts
  A black bear (shapeshifter) (Elf:2)
  A black bear (D:11)
  2 ettin simulacra
  49 orc warriors
  6 swamp dragon zombies (Swamp:4)
  A manticore zombie (Crypt:1)
  2 small abominations (Abyss:2)
  2 eyes of draining
  4 wolves
  16 boggarts
  3 necrophages
  36 ogres
  32 centaurs
  A swamp dragon skeleton (Crypt:2)
  A dream sheep skeleton (Crypt:2)
  An elf simulacrum (Vaults:5)
  8 crocodiles
  5 big kobolds
  A human zombie (Vaults:5)
  A gnoll sergeant (D:9)
  2 earth elementals
  10 bullfrogs
  A rime drake skeleton (Crypt:2)
  2 wyvern zombies
  A wyvern skeleton (D:10)
  6 scorpions
  A queen bee zombie (Crypt:2)
  12 killer bees
  A shapeshifter zombie (Crypt:2)
  An elephant simulacrum (IceCv)
  17 wights
  An electric eel (Lair:1)
  6 howler monkeys
  A bullfrog zombie (D:5)
  6 crimson imps
  2 quasits (Abyss:2)
  2 jellies
  A draconian simulacrum (IceCv)
  9 hounds
  12 orc priests
  5 bullfrog skeletons
  A demonspawn skeleton (Crypt:2)
  A centaur skeleton (D:5)
  2 spectral swamp drakes (Swamp:4)
  4 iguanas
  Natasha (D:4)
  24 orc wizards
  6 spriggan simulacra (IceCv)
  4 troll simulacra (IceCv)
  29 worker ants
  A killer bee zombie (D:6)
  A wolf simulacrum (IceCv)
  A naga zombie (Crypt:1)
  A tengu skeleton (Crypt:1)
  A hound skeleton (D:6)
  13 mummies
  11 gnolls
  A worker ant zombie (D:4)
  6 adders
  2 naga simulacra (IceCv)
  An ogre simulacrum (IceCv)
  2 shadow imps
  7 white imps
  4 ufetubi
  A worm zombie (Crypt:1)
  2 worms
  2 dart slugs
  3 leopard geckos
  94 orcs
  A ball python (D:4)
  5 bats
  4 giant cockroaches
  8 goblins
  A goblin (shapeshifter) (Vaults:5)
  6 hobgoblins
  22 jackals
  21 kobolds
  A quokka (D:7)
  9 frilled lizards
  A jackal zombie (D:6)
  A leopard gecko skeleton (Crypt:1)
  A quokka skeleton (D:10)
  5 rats
  3 fungi (Lair:1)
  A plant (Lair:5)
  2 starspawn tentacles (Abyss:2)
2392 creatures vanquished.

Vanquished Creatures (others)
  2 deep elf master archers (Elf:3)
  2 ironheart preservers
  A deep elf demonologist (Vaults:5)
  A vault guard (Vaults:5)
  6 yaktaur captains
  2 spriggan air magi (WizLab)
  A dancing weapon (Zig:8)
  A deep elf knight (Vaults:2)
  A death drake (WizLab)
  A deep elf mage (Elf:3)
  An apocalypse crab (WizLab)
  19 yaktaurs
  A blink frog (Swamp:4)
  An insubstantial wisp (Swamp:4)
  An orc warrior (Vaults:3)
  A slave (D:6)
  A boggart (Vaults:3)
  3 ogres
  2 centaurs
  A small abomination (Abyss:2)
  2 wights
  An iguana (D:6)
  An orc wizard (Elf:1)
  3 orcs
  3 fungi
  2 plants
  10 starspawn tentacles
  3 withered plants (D:15)
74 creatures vanquished.

Grand Total: 2466 creatures vanquished

Notes
Turn   | Place    | Note
-------+----------+-------------------------------------------
     0 | D:1      | Peloso the Minotaur Fighter began the quest for the Orb.
     0 | D:1      | Reached XP level 1. HP: 19/19 MP: 0/0
   153 | D:1      | Reached XP level 2. HP: 8/27 MP: 1/1
   873 | D:1      | Reached XP level 3. HP: 33/33 MP: 2/2
  1833 | D:3      | Reached XP level 4. HP: 37/40 MP: 1/3
  2588 | D:4      | Reached XP level 5. HP: 46/46 MP: 4/4
  2998 | D:4      | Noticed a phantom
  3017 | D:4      | Killed a phantom
  3017 | D:4      | Reached skill level 5 in Fighting
  3017 | D:4      | Reached skill level 5 in Armour
  3017 | D:4      | Reached XP level 6. HP: 55/56 MP: 5/5
  3108 | D:4      | Noticed Natasha
  3115 | D:4      | Killed Natasha
  3136 | D:4      | Reached skill level 1 in Dodging
  3136 | D:4      | Reached skill level 5 in Shields
  3335 | D:5      | Entered Level 5 of the Dungeon
  3418 | D:5      | Found Gughea's Gadget Shop.
  3459 | D:5      | Reached skill level 5 in Long Blades
  3459 | D:5      | Reached XP level 7. HP: 48/61 MP: 4/6
  3829 | D:5      | Found a stormy altar of Qazlal.
  4392 | D:6      | Noticed Pikel
  4392 | D:6      | Noticed a hippogriff
  4421 | D:5      | Killed Pikel
  4421 | D:5      | Reached XP level 8. HP: 67/71 MP: 5/7
  4509 | D:6      | Killed a hippogriff
  4543 | D:6      | Found Mong's Food Boutique.
  4563 | D:6      | Found a shimmering altar of Xom.
  4593 | D:6      | Reached XP level 9. HP: 37/78 MP: 6/8
  5587 | D:7      | Found a faded altar of an unknown god.
  5589 | D:7      | Found a staircase to the Ecumenical Temple.
  5600 | Temple   | Entered the Ecumenical Temple
  5711 | Temple   | Became a worshipper of Warmaster Okawaru
  5767 | D:7      | Noticed Prince Ribbit
  5793 | D:7      | Killed Prince Ribbit
  6158 | D:7      | Reached * piety under Okawaru
  6364 | D:7      | Reached skill level 10 in Long Blades
  6767 | D:8      | Reached XP level 10. HP: 52/88 MP: 7/9
  6865 | D:8      | Got a pair of dazzling gloves
  6871 | D:8      | Identified the +1 pair of gloves "Etus" {MR+ Int+3} (You
                  | found it on level 8 of the Dungeon)
  6938 | D:8      | Found a glowing golden altar of the Shining One.
  6973 | D:8      | Noticed Erica
  6984 | D:8      | Killed Erica
  6984 | D:8      | Reached ** piety under Okawaru
  6984 | D:8      | Reached skill level 10 in Shields
  7063 | D:8      | Noticed Maurice
  7096 | D:8      | Killed Maurice
  7096 | D:8      | Reached skill level 1 in Stealth
  7247 | D:8      | Noticed Psyche
  7253 | D:8      | Paralysed by Psyche for 5 turns
  7263 | D:8      | Killed Psyche
  7926 | D:9      | Found a staircase to the Lair.
  8027 | D:9      | Noticed Harold
  8043 | D:9      | Killed Harold
  8043 | D:9      | Reached *** piety under Okawaru
  8196 | D:9      | Found a runed translucent door.
  8403 | D:9      | Noticed a manticore
  8404 | D:9      | Reached XP level 11. HP: 81/95 MP: 10/10
  8626 | D:10     | Entered Level 10 of the Dungeon
  8636 | D:10     | Noticed a two-headed ogre
  8644 | D:10     | Reached skill level 10 in Armour
  8981 | D:9      | Killed a two-headed ogre
  8981 | D:9      | Reached **** piety under Okawaru
  9192 | D:10     | Found an ornate altar of the Wu Jian Council.
  9231 | D:10     | Found Ihoujiev's Antique Weapon Shop.
  9327 | D:10     | Reached ***** piety under Okawaru
  9331 | D:10     | Noticed Josephine
  9456 | D:11     | Found Peinag's Antique Weapon Shop.
 10107 | D:10     | Found a staircase to the Orcish Mines.
 10184 | D:10     | Received a gift from Okawaru
 10524 | D:10     | Killed Josephine
 10706 | D:10     | Reached XP level 12. HP: 86/106 MP: 11/11
 10923 | D:11     | Found Gergh's Assorted Antiques.
 10931 | D:11     | Bought a purple potion for 25 gold pieces
 10969 | D:11     | Noticed a five-headed hydra
 10976 | D:11     | Killed a two-headed hydra
 10976 | D:11     | Reached skill level 10 in Fighting
 11098 | D:11     | Found Tyufyel's Assorted Antiques.
 11106 | D:11     | Bought a scroll of magic mapping for 94 gold pieces
 11106 | D:11     | Bought a scroll labeled NUFOTE BOXAILO for 27 gold pieces
 11106 | D:11     | Bought a yellow potion for 24 gold pieces
 11206 | D:11     | Noticed a centaur warrior
 11208 | D:11     | Killed a centaur warrior
 11229 | D:11     | Noticed a deep troll earth mage
 11236 | D:11     | Killed a deep troll earth mage
 11255 | D:11     | Noticed an ogre mage
 11261 | D:11     | Killed an ogre mage
 11275 | D:11     | Noticed a tengu warrior
 11289 | D:11     | Killed a tengu warrior
 11314 | D:11     | Noticed a centaur warrior
 11320 | D:11     | Killed a centaur warrior
 11320 | D:11     | Reached skill level 1 in Invocations
 11404 | D:11     | Found Purip's Antique Armour Shoppe.
 11419 | D:11     | Bought a shiny large shield for 247 gold pieces
 11508 | Lair:1   | Entered Level 1 of the Lair of Beasts
 11663 | Lair:1   | Received a gift from Okawaru
 12472 | Lair:2   | Got a scintillating graven amulet
 12474 | Lair:2   | Identified the amulet "Icurr" {Gourm MR+ MP+9} (You found
                  | it on level 2 of the Lair of Beasts)
 13078 | Lair:2   | Reached skill level 1 in Evocations
 13225 | Lair:3   | Reached skill level 5 in Dodging
 13240 | Lair:3   | Reached XP level 13. HP: 88/116 MP: 13/13
 13280 | Lair:3   | Found a staircase to the Swamp.
 13304 | Lair:3   | Found a hole to the Spider Nest.
 14019 | Lair:4   | You fall into a shaft and drop 2 floors!
 14019 | Lair:6   | Entered Level 6 of the Lair of Beasts
 14192 | Lair:5   | Reached ****** piety under Okawaru
 14238 | Lair:5   | Received a gift from Okawaru
 14266 | Lair:5   | Found a dark tunnel.
 14355 | Volcano  | Entered a volcano
 14830 | Volcano  | Reached skill level 15 in Shields
 14995 | Lair:5   | Reached skill level 15 in Long Blades
 15278 | Lair:4   | You fall into a shaft and drop 2 floors!
 15357 | Lair:6   | Received a gift from Okawaru
 16625 | Lair:4   | Noticed an entropy weaver
 16637 | Lair:4   | Noticed an entropy weaver
 16651 | Lair:4   | Killed an entropy weaver
 16651 | Lair:4   | Reached XP level 14. HP: 99/126 MP: 14/14
 17179 | Lair:3   | Killed an entropy weaver
 17179 | Lair:3   | Received a gift from Okawaru
 18523 | Lair:5   | Found a viscous altar of Jiyva.
 18523 | Lair:5   | Found a staircase to the Slime Pits.
 21946 | D:13     | Found an ancient bone altar of Kikubaaqudgha.
 22055 | D:13     | Reached XP level 15. HP: 110/135 MP: 15/15
 22092 | D:13     | Received a gift from Okawaru
 22112 | D:13     | Received a gift from Okawaru
 22431 | D:13     | You fall into a shaft and drop 2 floors!
 22431 | D:15     | Entered Level 15 of the Dungeon
 22735 | D:15     | Found a staircase to the Depths.
 22835 | D:15     | Received a gift from Okawaru
 23804 | D:14     | Found a runed translucent door.
 23804 | D:14     | Noticed Voischum's ghost (journeyman GnWn)
 24238 | D:13     | Found Simuyt's Armour Shop.
 24444 | D:13     | Found a gate to the Vaults.
 24622 | D:9      | Noticed Gastronok
 24648 | D:9      | Killed Gastronok
 24648 | D:9      | Received a gift from Okawaru
 24656 | D:9      | Identified the amulet of Qotagi Beisk {Reflect Dex+3 SH+3}
 24668 | D:9      | Found a roughly hewn altar of Beogh.
 24875 | Swamp:1  | Entered Level 1 of the Swamp
 26628 | Swamp:3  | Paralysed by a hornet for 2 turns
 27226 | Swamp:3  | Reached XP level 16. HP: 137/147 MP: 17/17
 27480 | Orc:1    | Entered Level 1 of the Orcish Mines
 27723 | Orc:2    | Entered Level 2 of the Orcish Mines
 28165 | Orc:2    | Found Senoff's Food Shoppe.
 28174 | Orc:2    | Found a staircase to the Elven Halls.
 28368 | Orc:2    | Found Curacur's Book Boutique.
 28368 | Orc:2    | Found Yruixt's General Store.
 28370 | Orc:2    | Found Hesir's Armour Emporium.
 28372 | Orc:2    | Found Raref's General Store.
 28387 | Orc:2    | Bought a scroll of acquirement for 676 gold pieces
 28387 | Orc:2    | Bought a potion of heal wounds for 65 gold pieces
 28426 | Orc:2    | Found a roughly hewn altar of Beogh.
 28544 | Orc:1    | Received a gift from Okawaru
 28580 | Orc:1    | Found Piragros's Gadget Boutique.
 28994 | D:14     | Killed Voischum's ghost
 30284 | Swamp:4  | Entered Level 4 of the Swamp
 30407 | Swamp:4  | Received a gift from Okawaru
 30428 | Swamp:4  | Found a frozen archway.
 30665 | IceCv    | Entered an ice cave
 30721 | IceCv    | Reached skill level 15 in Fighting
 31346 | IceCv    | Noticed an Ice Fiend
 31377 | IceCv    | Killed an Ice Fiend
 31408 | IceCv    | Identified Ronod's Disquisition on Evil Snow
 31416 | IceCv    | Got a translucent ruby amulet
 32048 | D:5      | Bought a wand of digging (7) for 242 gold pieces
 32196 | D:11     | Bought a scroll of identify for 56 gold pieces
 32854 | Lair:1   | Identified the amulet "Rus Motz" {Acrobat +Fly Dex+3} (You
                  | found it in an ice cave)
 33372 | Swamp:4  | Received a gift from Okawaru
 33397 | Swamp:4  | Got a twisted scimitar {god gift}
 33398 | Swamp:4  | Identified the +7 scimitar of the Hidden Vale {pain, rElec
                  | Dex+8 Stlth-} (Okawaru gifted it to you on level 4 of the
                  | Swamp)
 34005 | Spider:1 | Entered Level 1 of the Spider Nest
 34060 | Spider:1 | Noticed Nikola
 34070 | Spider:1 | Killed Nikola
 34095 | Spider:1 | Received a gift from Okawaru
 34586 | Spider:1 | Reached XP level 17. HP: 142/156 MP: 18/18
 35166 | Spider:1 | Noticed Jorgrun
 35180 | Spider:1 | Killed Jorgrun
 35985 | Elf:1    | Entered Level 1 of the Elven Halls
 36018 | Elf:1    | Reached skill level 15 in Armour
 36093 | Elf:1    | Cast into level 2 of the Abyss (+2 glaive of distortion)
 36434 | Abyss:2  | Found a corrupted altar of Lugonu.
 36660 | Abyss:2  | Received a gift from Okawaru
 36807 | Elf:1    | Escaped the Abyss
 37188 | Elf:1    | Found a shimmering blue altar of Sif Muna.
 37466 | Elf:1    | Received a gift from Okawaru
 37906 | Elf:2    | Found Lyonic's Weapon Emporium.
 37952 | Elf:2    | Found a runed translucent gate.
 37952 | Elf:2    | Found a runed translucent gate.
 37954 | Elf:2    | Found a runed translucent gate.
 37988 | Elf:2    | Found Ceodif's Armour Emporium.
 38062 | Elf:2    | Found Bobual's Antique Armour Boutique.
 38278 | Elf:3    | Entered Level 3 of the Elven Halls
 38641 | Elf:3    | Received a gift from Okawaru
 38997 | Elf:3    | Noticed a deep elf blademaster
 39022 | Elf:3    | Killed a deep elf blademaster
 39161 | Elf:3    | Reached XP level 18. HP: 153/168 MP: 17/20
 40751 | Elf:3    | Noticed Mara
 40768 | Elf:3    | Killed Mara
 40768 | Elf:3    | Received a gift from Okawaru
 41224 | Elf:3    | Identified Xasm's Grimoire of Execration and Calling
 41277 | Elf:3    | Reached skill level 5 in Invocations
 41468 | Elf:3    | Identified the Almanac of Boosts and Flight
 41476 | Elf:3    | Identified Pawaec's Almanac of the Creative Glacier
 41489 | Elf:3    | Identified A Thorough Guide to Sorcery
 42144 | Elf:2    | Received a gift from Okawaru
 42297 | Elf:2    | Reached XP level 19. HP: 104/177 MP: 21/21
 43927 | Spider:3 | Identified a +1 pair of boots of running (You found it on
                  | level 3 of the Spider Nest)
 44526 | Spider:3 | Identified the Collected Works on Creative Unholy Rites
 44987 | Spider:4 | Entered Level 4 of the Spider Nest
 45729 | Spider:3 | Received a gift from Okawaru
 46524 | Spider:4 | Got a gossamer rune of Zot
 47341 | Swamp:4  | Noticed a bone dragon
 47364 | Swamp:4  | Killed a bone dragon
 47467 | Swamp:4  | Got a decaying rune of Zot
 47941 | Vaults:1 | Entered Level 1 of the Vaults
 48031 | Vaults:1 | Received a gift from Okawaru
 48073 | Vaults:1 | Reached XP level 20. HP: 86/188 MP: 22/22
 49107 | Vaults:1 | Identified the +7 shield of Teiczia {*Drain rN+ MR+ Regen+
                  | Str+4}
 49107 | Vaults:1 | Noticed Donald
 49120 | Vaults:1 | Killed Donald
 50058 | Vaults:2 | Found a staircase to the Crypt.
 50366 | Vaults:2 | Received a gift from Okawaru
 51009 | Vaults:2 | Found Gafyph's Magic Scroll Shoppe.
 51018 | Vaults:2 | Bought a scroll of identify for 44 gold pieces
 51018 | Vaults:2 | Bought a scroll of identify for 44 gold pieces
 51600 | Vaults:3 | Found a magical portal.
 51611 | WizLab   | Entered The Chambers of the Cloud Mage
 52249 | WizLab   | Identified Iphups's Almanac of the Birds
 52266 | WizLab   | Got an encrusted quarterstaff
 52503 | Vaults:3 | Received a gift from Okawaru
 52553 | Vaults:3 | Reached XP level 21. HP: 108/195 MP: 24/24
 53141 | Lair:1   | Identified the +7 quarterstaff of Eternal Night {venom,
                  | *Slow rPois MR+} (You found it in a wizard's laboratory)
 54015 | Vaults:3 | Got a steaming falchion {god gift}
 54016 | Vaults:3 | Identified the +9 falchion of Resumed Hostilities {venom,
                  | rPois rN+ SInv} (Okawaru gifted it to you on level 3 of the
                  | Vaults)
 54896 | Vaults:4 | Noticed Jory
 54902 | Vaults:4 | Received a gift from Okawaru
 54912 | Vaults:4 | Killed Jory
 55435 | Vaults:4 | Found Vumur's Distillery.
 55632 | Vaults:4 | Noticed Aizul
 55642 | Vaults:4 | Killed Aizul
 55996 | Vaults:4 | Received a gift from Okawaru
 56140 | Vaults:5 | Entered Level 5 of the Vaults
 56541 | Vaults:5 | Noticed Bai Suzhen
 56592 | Vaults:5 | Noticed Frederick
 56612 | Vaults:5 | HP: 6/202 [titan/the air (39)]
 56622 | Vaults:5 | Killed Frederick
 56630 | Vaults:5 | Reached XP level 22. HP: 23/211 MP: 25/25
 56876 | Vaults:5 | Got a scintillating marble ring
 56984 | Vaults:5 | Identified the ring of Orrawn {*Tele SInv} (You found it on
                  | level 5 of the Vaults)
 57029 | Vaults:5 | Killed Bai Suzhen
 57126 | Vaults:5 | Noticed a golden dragon
 57138 | Vaults:4 | Reached skill level 27 in Shields
 57143 | Vaults:4 | Received a gift from Okawaru
 57632 | Vaults:5 | Noticed a golden dragon
 57641 | Vaults:5 | Killed a golden dragon
 57814 | Vaults:5 | Identified the +7 lajatang of Starshine {speed, rF+}
 58112 | Vaults:5 | Identified the +3 ring mail of Welac {*Corrode Int+4 Dex+4
                  | Stlth+}
 58152 | Vaults:5 | Killed a golden dragon
 58152 | Vaults:5 | Received a gift from Okawaru
 58518 | Vaults:5 | Got a silver rune of Zot
 58711 | Vaults:5 | Got a spiked hat
 58722 | Vaults:5 | Identified the +2 hat of Summer {rPois} (You found it on
                  | level 5 of the Vaults)
 59771 | Depths:1 | Entered Level 1 of the Depths
 59778 | Depths:1 | Reached XP level 23. HP: 223/223 MP: 26/26
 60377 | Depths:1 | Found a gateway to Hell.
 60627 | Depths:1 | Found a one-way gate to the infinite horrors of the Abyss.
 60854 | Depths:1 | Received a gift from Okawaru
 60986 | Depths:2 | Paralysed by a floating eye for 2 turns
 61579 | Depths:2 | Found Hean's Gadget Emporium.
 61580 | Depths:2 | Found Kemachosh's Jewellery Shop.
 61581 | Depths:2 | Found Reqoyw's Gadget Emporium.
 61671 | Depths:2 | Found Nushryocsag's Gadget Shop.
 61977 | Depths:2 | Received a gift from Okawaru
 62107 | Depths:2 | Found a gateway to a ziggurat.
 62707 | Depths:3 | Found a one-way gate leading to the halls of Pandemonium.
 63298 | Depths:4 | Found Gozag's Antique Weapon Shoppe.
 63319 | Depths:4 | Found an opulent altar of Gozag.
 63325 | Depths:4 | Found Gozag's Antique Weapon Shoppe.
 63333 | Depths:4 | Found Gozag's Assorted Antiques.
 63625 | Depths:4 | Reached XP level 24. HP: 228/236 MP: 25/26
 64117 | Depths:5 | Entered Level 5 of the Depths
 64122 | Depths:5 | Received a gift from Okawaru
 64191 | Depths:5 | Found a gate to the Realm of Zot.
 65510 | Zot:1    | Entered Level 1 of the Realm of Zot
 65548 | Zot:1    | Received a gift from Okawaru
 65568 | Zot:1    | Noticed an ancient lich
 65572 | Zot:1    | Killed an ancient lich
 66240 | Depths:1 | Got an encrusted demon blade
 66241 | Depths:1 | Identified the +9 demon blade of the Wilderness {freeze,
                  | *Corrode rC+ MR+ Int+4} (You acquired it on level 1 of the
                  | Depths)
 66564 | Zot:1    | Found the +8 orange crystal plate armour {Archmagi, Int+3
                  | Clar}
 66569 | Zot:1    | Got an ancient golden ring
 66571 | Zot:1    | Identified the ring "Vasov" {rPois MR+ Str-3 Dex+2} (You
                  | acquired it on level 1 of the Realm of Zot)
 66735 | Zot:1    | Received a gift from Okawaru
 66737 | Zot:1    | Reached XP level 25. HP: 110/248 MP: 26/26
 67480 | Zot:1    | Got a crystal halberd
 67481 | Zot:1    | Identified the +7 halberd of Wondrous Power {chop, rN++
                  | MP+9 Str-5 SInv} (You found it on level 1 of the Realm of
                  | Zot)
 67818 | Crypt:1  | Entered Level 1 of the Crypt
 67823 | Crypt:1  | Noticed Margery
 67838 | Crypt:1  | Killed Margery
 68130 | Crypt:1  | You are sucked into a shaft and drop 1 floor!
 68147 | Crypt:2  | Received a gift from Okawaru
 69400 | Crypt:3  | Entered Level 3 of the Crypt
 69469 | Crypt:3  | Received a gift from Okawaru
 69472 | Crypt:3  | Got an encrusted long sword {god gift}
 69475 | Crypt:3  | Identified the +7 long sword of the Dove {holy, rPois}
                  | (Okawaru gifted it to you on level 3 of the Crypt)
 70139 | Crypt:3  | Identified the Tome of Unholy Magic
 70193 | Crypt:3  | Found a basalt altar of Yredelemnul.
 70193 | Crypt:3  | Noticed an ancient lich
 70208 | Crypt:3  | Killed an ancient lich
 70254 | Crypt:3  | Got a crude turquoise ring
 70258 | Crypt:3  | Identified the Catalogue of Poisonous Ice
 70261 | Crypt:3  | Got a spiked chain mail
 70262 | Crypt:3  | Identified the cursed +0 chain mail of Keyb {MR+} (You
                  | found it on level 3 of the Crypt)
 70266 | Crypt:3  | Identified the ring "Qenypouq" {rElec rPois Int+2 Stlth-}
                  | (You found it on level 3 of the Crypt)
 70358 | Crypt:3  | Received a gift from Okawaru
 70552 | Crypt:3  | Found a staircase to the Tomb.
 70956 | Crypt:1  | You are sucked into a shaft and drop 1 floor!
 71770 | Zig:1    | Entered Level 1 of a ziggurat
 71788 | Zig:2    | Entered Level 2 of a ziggurat
 71800 | Zig:2    | Reached XP level 26. HP: 264/264 MP: 25/26
 71814 | Zig:3    | Entered Level 3 of a ziggurat
 71831 | Zig:3    | Received a gift from Okawaru
 71843 | Zig:3    | Got a turquoise-encrusted chain mail
 71862 | Zig:3    | Identified the +7 chain mail of Foolhardiness {rC+ rN+}
                  | (You found it on level 3 of a ziggurat)
 71876 | Zig:4    | Entered Level 4 of a ziggurat
 71934 | Zig:5    | Entered Level 5 of a ziggurat
 71937 | Zig:5    | Noticed Copluac the pandemonium lord
 71956 | Zig:5    | Killed Copluac the pandemonium lord
 71991 | Zig:5    | Got a smoking hand axe
 71992 | Zig:5    | Identified the +2 hand axe "Lixzon" {freeze, Str+6} (You
                  | found it on level 5 of a ziggurat)
 72079 | Zig:6    | Entered Level 6 of a ziggurat
 72126 | Zig:6    | Reached skill level 1 in Throwing
 72126 | Zig:6    | Reached skill level 1 in Unarmed Combat
 72126 | Zig:6    | Reached XP level 27. HP: 270/270 MP: 26/26
 72253 | Zig:7    | Entered Level 7 of a ziggurat
 72328 | Zig:7    | Got a dazzling quarterstaff
 72332 | Zig:7    | Identified the +5 quarterstaff "Jauvis" {crush, rC++ Str-4
                  | Int+6} (You found it on level 7 of a ziggurat)
 72338 | Zig:7    | Got an ancient quarterstaff
 72339 | Zig:7    | Identified the +9 quarterstaff of the Endless March {drain,
                  | *Rage Dex+2 Stlth+} (You found it on level 7 of a ziggurat)
 72354 | Zig:8    | Entered Level 8 of a ziggurat
 72433 | Zig:8    | Got an ichor-stained crystal plate armour
 72435 | Zig:8    | Identified Qaighif's Intricacies of Theurgy
 72454 | Zig:8    | Identified the +7 crystal plate armour of the Suburbs
                  | {+Inv} (You found it on level 8 of a ziggurat)
 72590 | Zig:9    | Entered Level 9 of a ziggurat
 72660 | Zig:9    | Received a gift from Okawaru
 72730 | Zig:10   | Entered Level 10 of a ziggurat
 72800 | Zig:10   | HP: 13/271 [golden dragon zombie (3)]
 73100 | Zig:10   | Identified the Incunabulum of the Mountains and Envenoming
 73111 | Zig:10   | Got a pitted lajatang
 73144 | Zig:11   | Entered Level 11 of a ziggurat
 73279 | Zig:11   | Received a gift from Okawaru
 73282 | Zig:11   | Paralysed by a floating eye for 2 turns
 73294 | Zig:11   | Gained mutation: You are weak. (Str -2) [a shining eye]
 73295 | Zig:11   | Paralysed by a floating eye for 4 turns
 73359 | Zig:11   | Got a twisted morningstar
 73360 | Zig:11   | Identified the +3 morningstar of Change {flame, +Blink
                  | Str+3 Dex+2} (You found it on level 11 of a ziggurat)
 73472 | Zig:12   | Entered Level 12 of a ziggurat
 73588 | Zig:12   | Received a gift from Okawaru
 73588 | Zig:12   | Reached skill level 27 in Fighting
 73613 | Zig:12   | HP: 11/272 [revenant (4)]
 73615 | Zig:12   | HP: 2/272 [Tzitzimitl/bolt of negative energy (11)]
 73615 | Zig:12   | Killed from afar by a shadow dragon

Levels and vault maps discovered:
D:1:      nagdon_arrival_zigzag_paths, layout_basic
D:2:      layout_basic
D:3:      layout_loops_corners, first_ration
D:4:      layout_loops_corners, uniq_natasha
D:5:      layout_basic, serial_shops, kennysheep_little_box, grunt_qazlal_clouds
D:6:      layout_basic, serial_shops, shop, nicolae_wand_duel,
          xom_confusion_cloud, uniq_pikel
D:7:      layout_basic, nicolae_temple_entry_ecumenical, solitary_fountain,
          uniq_prince_ribbit1
D:8:      layout_loops_ring, nicolae_overflow_crystal_walls, serial_glass,
          glass_columns_a, glass_columns_b, glass_columns_b, glass_columns_a,
          glass_columns_b, glass_columns_b, glass_columns_a, glass_columns_c,
          uniq_maurice, uniq_erica, uniq_psyche
D:9:      layout_irregular_city, lair_entry_dummy, grunt_pizzeria,
          minmay_misc_feat_ornament, lightli_church_of_beogh, uniq_harold,
          uniq_gastronok
D:10:     layout_basic, david_orc_4, serial_shops, shop, basic_altar,
          uniq_josephine
D:11:     layout_long_grid, serial_shops, kennysheep_mini_moat, shop,
          nicolae_shop_trees, shop, minmay_evil_grid
D:12:     layout_gridville, minivault_25
D:13:     layout_basic, hangedman_vaults_entry_quadrant_bands, basic_altar,
          serial_glass, glass_columns_b, glass_columns_b, glass_columns_b,
          glass_columns_b, serial_shops, nicolae_shop_window_shopping
D:14:     layout_big_octagon, ebering_ghost_inner_flame
D:15:     gammafunk_depths_entry_grave, layout_irregular_city,
          corexii_hall_statues_deadend
Temple:   kilobyte_greek_temple
Lair:1:   layout_regular_city, serial_bayou_shore_a
Lair:2:   layout_cave_pods, grunt_megastairs_5
Lair:3:   layout_cave_shapes, swamp_mist, nicolae_spider_entry_orb_guardian,
          minmay_lindwurm_lava, infiniplex_staircase_pool
Lair:4:   layout_cave_pods, minivault_29
Lair:5:   layout_misc_corridors, slime_altar_1,
          lightli_volcano_entry_magma_tube, chequers_serial_rivers_micro_e
Lair:6:   hangedman_lair_in_review, layout_misc_corridors
Swamp:1:  layout_falls_marsh, evilmike_swamp_ruin_house_3
Swamp:2:  layout_falls_marsh, hangedman_swamp_ruin_wall
Swamp:3:  layout_basic_swamp, evilmike_swamp_ruin_house_2
Swamp:4:  swamp_pestilence, layout_basic_swamp, portal_ice_cave_entry_pillars_2
Spider:1: layout_chambers, uniq_nikola, uniq_jorgrun
Spider:2: layout_chambers
Spider:3: layout_spider_delve
Spider:4: grunt_spider_rune_circles, drop_trap,
          hangedman_spider_tarantella_strand
Orc:1:    layout_diamond_mine, serial_shops, shop, nicolae_orc_rich_vein
Orc:2:    st_orc_rangers, layout_caves, serial_shops,
          nicolae_shop_temple_entry_statues_fountains, basic_altar
Elf:1:    eino_elf_arrival_sip, layout_loops_ring, basic_altar,
          hangedman_elf_represent
Elf:2:    layout_rooms, serial_shops, shop, nicolae_shop_overgrown_old_shop,
          nicolae_shop_waterfront
Elf:3:    minmay_elf_hall, layout_geoelf_grid, minivault_26, uniq_mara
Vaults:1: nicolae_vaults_ninety_degrees, nicolae_vaults_circle_grid_b,
          ontoclasm_vaults_loading_screen, v_alt_pattern_1,
          nicolae_vaults_holding_cells, vaults_standard_mumra_x,
          hangedman_vaults_nails, v_rooms_2, nicolae_vaults_specimen_jars,
          vaults_room_large_hall, v_misc_10, v_misc_16,
          ontoclasm_vaults_decontamination, nicolae_vaults_little_squares_3,
          vaults_mumra_chevron, v_rooms_3, layout_vaults_omnibox, uniq_donald
Vaults:2: nicolae_vaults_ring_of_whatevers,
          nicolae_vaults_windows_and_doors_thing, v_misc_30, v_misc_4,
          minmay_crypt_entry_simple_corners, hangedman_vaults_maws,
          nicolae_vaults_little_ls, ontoclasm_vaults_fault,
          vaults_room_guarded_vault, vaults_room_pool,
          layout_vaults_chaotic_city, serial_glass, serial_shops, shop_scrolls
Vaults:3: grunt_vaults_swirl, nicolae_vaults_border_crossing, vaults_room_grid,
          v_misc_30, vaults_mumra_lcd, serial_ice_h,
          nicolae_vaults_little_squares_3, nicolae_vaults_three_branches,
          vaults_mumra_hex, layout_vaults_omnigrid, mu_enter_wizlab_1
Vaults:4: nicolae_vaults_an_arrangement, v_misc_16, v_alt_pattern_4,
          dpeg_vaults_monster_row, v_alt_pattern_3, vaults_room_door_hall,
          v_misc_28, v_misc_15, hangedman_vaults_cutoff,
          nicolae_vaults_alarming, vaults_dpeg_ring, layout_vaults_maze_bifur,
          serial_shops, shop, uniq_jory, uniq_aizul
Vaults:5: uniq_frederick, uniq_bai_suzhen
Crypt:1:  layout_basic, st_stairs_11, uniq_margery
Crypt:2:  layout_catacombs, hex_tiny, lemuel_statue_altar
Crypt:3:  cryptofortress_bobbens
Depths:1: layout_cave_pools, abyss_entry_crystal, hangedman_coc_ice_floe,
          kennysheep_generic_room_7
Depths:2: minmay_expanding_squares, layout_gridville, enter_ziggurat_f,
          hell_entry, minmay_misc_feat_pillars, serial_shops,
          nicolae_shop_crystal, minmay_shop_grove, minmay_staircase_bubble
Depths:3: minmay_connected_triangles_in_corner, layout_cave_shapes, pan_entry,
          serial_sigils, serial_sigils_hangedman_stare,
          serial_sigils_hangedman_shear, serial_sigils_hangedman_leer,
          serial_sigils_hangedman_snap, serial_sigils_hangedman_quiver,
          hell_entry
Depths:4: kennysheep_gozag_temple, layout_gridlike, abyss_entry, minivault_11,
          hell_entry, infiniplex_staircase_trident
Depths:5: evilmike_zot_entry_round, layout_gridville, rand_demon_pan_entry_1,
          hell_entry
Zot:1:    layout_concentric_octagons, hangedman_player_shredder
Zig:12

Skill      XL: |  1  2  3  4  5  6  7  8  9 10 11 12 13 14 15 16 17 18 19 20 21 22 23 24 25 26 27 |
---------------+----------------------------------------------------------------------------------+-----
Fighting       | 4 5 6 7 8 9 11 12 13 14 15 16 17 18 19 20 22 23 24 26 27 | 27.0
Armour         | 4 5 6 7 8 9 10 11 12 13 14 15 16 17 18 19 20 22 | 22.6
Shields        | 4 5 6 7 9 10 12 13 15 17 19 20 22 23 24 25 26 27 | 27.0
Long Blades    | 3 4 5 7 8 10 11 13 14 15 16 17 18 19 20 21 22 23 24 26 | 26.8
Dodging        | 1 2 3 5 6 7 8 |  8.4
Stealth        | 2 3 |  3.8
Invocations    | 1 2 3 4 5 6 |  6.9
Evocations     | 1 2 |  2.2
Throwing       | 1 |  1.2
Unarmed Combat | 1 |  1.8
Spellcasting   | |  0.7

Action                   |  1- 3 |  4- 6 |  7- 9 | 10-12 | 13-15 | 16-18 | 19-21 | 22-24 | 25-27 || total
-------------------------+-------+-------+-------+-------+-------+-------+-------+-------+-------++-------
Melee: Long sword        |   125 |   144 |   204 |       |       |       |       |       |   400 ||   873
       Headbutt          |    17 |    23 |    78 |   134 |   344 |   387 |   534 |   482 |   335 ||  2334
       Falchion          |       |       |   132 |    29 |       |       |     5 |       |       ||   166
       Scimitar          |       |       |       |   605 |  1005 |    19 |       |       |       ||  1629
       Unarmed           |       |       |       |     4 |       |       |       |       |       ||     4
       Demon blade       |       |       |       |       |   461 |  1473 |  1500 |  1164 |   494 ||  5092
Invok: Heroism           |       |       |     1 |     6 |    28 |    33 |    14 |    12 |    12 ||   106
       Finesse           |       |       |       |       |       |     3 |       |       |       ||     3
 Abil: Evoke Flight      |       |       |       |       |     2 |       |       |       |       ||     2
Evoke: Wand              |       |       |     4 |     5 |     1 |     7 |       |       |     1 ||    18
  Use: Potion            |       |       |     1 |     3 |     3 |    12 |     7 |     5 |     5 ||    36
       Scroll            |       |       |       |    11 |    13 |    13 |    15 |    22 |    14 ||    88
 Stab: Confused          |       |       |     1 |       |     1 |       |       |       |       ||     2
       Paralysed         |       |       |       |     4 |       |       |       |       |       ||     4
       Distracted        |       |       |       |       |       |     1 |       |       |       ||     1
  Eat: Chunk             |     2 |     6 |    10 |    29 |    36 |    43 |   107 |    33 |     5 ||   271
       Ration            |       |       |       |     1 |     2 |     4 |     3 |     2 |     5 ||    17
Armor: Scale mail        |    69 |       |       |       |       |       |       |       |       ||    69
       Plate armour      |     4 |    21 |       |       |   144 |   489 |   462 |    28 |       ||  1148
       Chain mail        |       |    65 |   141 |   214 |   291 |       |       |       |       ||   711
       Fire dragon scale |       |       |       |       |    76 |       |       |       |       ||    76
       Crystal plate arm |       |       |       |       |       |       |    46 |   416 |   308 ||   770
       Gold dragon scale |       |       |       |       |       |       |       |    12 |    81 ||    93
Dodge: Dodged            |    53 |    23 |    84 |   128 |   311 |   330 |   422 |   257 |   222 ||  1830
Block: Shield            |    73 |    67 |   208 |   324 |       |   367 |  1813 |  1542 |  1150 ||  5544
       Reflection        |       |       |     2 |    13 |       |    63 |    95 |   147 |    21 ||   341
       Large shield      |       |       |       |   138 |  1637 |  1084 |       |       |       ||  2859
       Rpst.: Long sword |    17 |     3 |    21 |       |       |       |       |       |    18 ||    59
       Falchion          |       |       |     8 |     2 |       |       |       |       |       ||    10
       Scimitar          |       |       |       |    35 |    52 |     3 |       |       |       ||    90
       Demon blade       |       |       |       |       |    16 |    60 |    96 |    46 |    26 ||   244
